 Dungeon Crawl Stone Soup version 0.28.0-43-g3370ac3207 (webtiles) character file.

Game seed: 16797582449950340618

1111 safid the Cleaver (level 8, 0/66 HPs)
             Began as a Hill Orc Fighter on Mar 13, 2022.
             Was an Initiate of Beogh.
             Slain by a sun demon (16 damage)
             ... summoned by a kobold demonologist
             ... on level 6 of the Dungeon.
             The game lasted 00:07:17 (5441 turns).

safid the Cleaver (Hill Orc Fighter)                Turns: 5441, Time: 00:07:18

Health: 0/66       AC: 14    Str: 21    XL:     8   Next: 33%
Magic:  8/8        EV:  8    Int:  8    God:    Beogh [......]
Gold:   277        SH:  8    Dex: 10    Spells: 7/7 levels left

rFire   . . .      SeeInvis .   a - +0 war axe
rCold   . . .      Faith    .   k - +0 kite shield
rNeg    . . .      Spirit   .   b - +0 scale mail
rPois   .          Reflect  .   o - +1 helmet
rElec   .          Harm     .   w - +0 cloak
rCorr   .          Rampage  .   (no gloves)
Will    .....                   (no boots)
Stlth   ..........              (no amulet)
HPRegen 0.21/turn               l - +4 ring of protection
MPRegen 0.11/turn               (no ring)

@: no status effects
A: no striking features
a: Renounce Religion


You were on level 6 of the Dungeon.
You worshipped Beogh.
Beogh was noncommittal.
You visited 1 branch of the dungeon, and saw 6 of its levels.

You collected 277 gold pieces.

Inventory:

Hand Weapons
 a - a +0 war axe (weapon)
 u - a +2 hand axe of holy wrath
 x - the +6 mace of Ynuir {vamp, Dex+2}
   (You found it on level 3 of the Dungeon)

   It occasionally heals its wielder for a portion of the damage dealt when it
   wounds a living foe.
   Dex:       It affects your dexterity (+2).
 z - a +2 hand axe of freezing
Missiles
 p - 3 boomerangs (quivered)
 A - 3 poisoned darts
Armour
 b - a +0 scale mail (worn)
 k - a +0 kite shield (worn)
 o - a +1 helmet (worn)
 r - the +2 leather armour "Plog" {rF- rC+ Will+ Stlth+}
   (You found it on level 2 of the Dungeon)

   rF:        It makes you vulnerable to fire.
   rC:        It protects you from cold.
   Will:      It increases your willpower.
   Stlth:     It makes you more stealthy.
 w - a +0 cloak (worn)
Jewellery
 l - a +4 ring of protection (left hand)
Wands
 m - a wand of flame (14)
 s - a wand of paralysis (20)
 t - a wand of iceblast (10)
Scrolls
 e - a scroll of torment
 g - a scroll of teleportation
 j - a scroll of brand weapon
 n - a scroll of holy word {unknown}
 v - 2 scrolls of fear
 y - a scroll of summoning {unknown}
 B - a scroll of vulnerability {unknown}
 E - a scroll of blinking {unknown}
 F - a scroll of immolation {unknown}
Potions
 c - 2 potions of lignification
 d - a potion of berserk rage {unknown}
 h - 3 potions of haste
 q - a potion of curing {unknown}
 C - a potion of mutation {unknown}
 D - a potion of flight {unknown}


   Skills:
 - Level 4.0 Fighting
 + Level 12.0 Axes
 - Level 4.0 Armour
 - Level 4.0 Shields


You had 7 spell levels left.
You didn't know any spells.
Your spell library contained the following spells:

 Spells                   Type           Power      Damage    Failure   Level
 Gell's Gravitas          Tloc           0%         N/A       100%        3
 Teleport Other           Tloc           0%         N/A       100%        3
 Dispersal                Tloc           0%         N/A       100%        6


Dungeon Overview and Level Annotations

Branches:
Dungeon (6/15)
 Temple: D:4-7

Altars:
Ashenzari
Nemelex Xobeh
Okawaru
The Shining One

Shops:
D:5 (


Message History

You miss the kobold demonologist.
The kobold demonologist is lightly wounded.
You hit the sun demon but do no damage. You hit the white imp but do no damage.
You closely miss the kobold demonologist.
You hit the shadow imp.
The kobold demonologist hits you but does no damage.
The shadow imp hits you. You block the sun demon's attack.
You closely miss the kobold demonologist.
The kobold demonologist is lightly wounded.
You slash the shadow imp!
You kill the shadow imp!
The shadow imp disappears in a puff of smoke!
You hit the kobold demonologist. You closely miss the white imp.
You hit the sun demon.
The kobold demonologist hits you with a +0 dagger.
The kobold demonologist hits you but does no damage.
The sun demon hits you but does no damage.
The white imp hits you but does no damage.
You closely miss the kobold demonologist.
The kobold demonologist is lightly wounded.
You slash the sun demon! You hit the white imp.
You completely miss the white imp.
You barely miss the kobold demonologist.
You slash the kobold!
You kill the kobold!
Beogh accepts your kill.
The kobold demonologist casts a spell.
You block the sun demon's attack. You block the white imp's attack.
The white imp disappears for a moment.
The white imp gestures at you. The puff of frost hits you.
The kobold demonologist looks encouraged for a moment.
You barely miss the kobold demonologist.
The kobold demonologist is lightly wounded.
You hit the sun demon. You hit the white imp. x2
You hit the kobold demonologist but do no damage.
You closely miss the kobold. The sun demon hits you.
* * * LOW HITPOINT WARNING * * *
You are engulfed in flames!
You die...

≈≈≈≈......#
#....≈≈§≈≈≈≈≈...# .
#...≈≈≈≈≈≈≈≈≈≈≈.#
..#..≈≈§§§≈≈≈≈≈≈≈≈######
....≈≈≈≈§§§≈≈≈≈≈≈≈......
...≈≈≈≈§≈§≈≈≈≈≈≈≈.######
...#≈≈≈≈§§≈≈≈≈.....#
..))..≈≈K≈≈≈≈......#
...#.).K@5.≈≈......######
..).).K35≈≈.............
.#......4.≈........#####
##.#.........#.#### #
#...###.....# ###.#
#.##### #.# #.# #.# #.#
#.# #.#


You could see a sun demon (summoned), a hellwing (summoned), 2 kobold
demonologists, 2 white imps and a kobold.

Vanquished Creatures
  An ice beast (D:5)
  3 ogres
  A necrophage (D:4)
  2 scorpions
  4 wights (D:4)
  A gnoll shaman (D:5)
  A hound (D:4)
  Crazy Yiuf (D:3)
  Ijyb (D:3)
  Jessica (D:2)
  An iguana (D:5)
  An orc wizard (D:5)
  2 hound skeletons (D:4)
  Robin (D:2)
  4 gnolls (D:5)
  3 adders
  A howler monkey skeleton (D:5)
  A worm (D:3)
  A dart slug (D:1)
  3 orcs (D:5)
  3 bats
  5 endoplasms
  2 giant cockroaches (D:1)
  22 goblins
  2 hobgoblins (D:2)
  5 jackals
  5 kobolds
  4 quokkas
  6 ball pythons
  11 frilled lizards
  14 rats
113 creatures vanquished.

Vanquished Creatures (others)
  An orc priest (D:6)
  An orc wizard (D:6)
  3 orcs (D:6)
  A kobold (D:6)
  46 plants (D:4)
52 creatures vanquished.

Grand Total: 165 creatures vanquished

Notes
Turn   | Place    | Note
-------+----------+-------------------------------------------
     0 | D:1      | safid the Hill Orc Fighter began the quest for the Orb.
     0 | D:1      | Reached XP level 1. HP: 19/19 MP: 1/1
   310 | D:1      | Found a faded altar of an unknown god.
   474 | D:1      | Reached skill level 3 in Axes
   474 | D:1      | Reached XP level 2. HP: 22/27 MP: 2/2
   975 | D:1      | Reached XP level 3. HP: 32/33 MP: 3/3
  1435 | D:2      | Noticed Jessica
  1439 | D:2      | Killed Jessica
  1440 | D:2      | Reached XP level 4. HP: 26/40 MP: 4/4
  1663 | D:2      | Reached skill level 4 in Axes
  1694 | D:2      | Noticed Robin
  1714 | D:2      | Killed Robin
  1912 | D:2      | Reached skill level 5 in Axes
  2231 | D:2      | Identified the +2 leather armour "Plog" {rF- rC+ Will+
                  | Stlth+}
  2485 | D:3      | Reached XP level 5. HP: 40/46 MP: 5/5
  2680 | D:3      | Found a broken altar of Ashenzari.
  2680 | D:3      | Found a sparkling altar of Nemelex Xobeh.
  2732 | D:3      | Noticed Ijyb
  2741 | D:3      | Killed Ijyb
  2877 | D:3      | Found a runed translucent door.
  2878 | D:3      | Noticed Crazy Yiuf
  3154 | D:3      | Killed Crazy Yiuf
  3155 | D:3      | Reached skill level 6 in Axes
  3158 | D:3      | Identified the +6 mace of Ynuir {vamp, Dex+2}
  3394 | D:4      | Noticed an ogre
  3401 | D:4      | Reached XP level 6. HP: 50/52 MP: 6/6
  3411 | D:4      | Reached skill level 7 in Axes
  3439 | D:4      | Reached skill level 8 in Axes
  3538 | D:4      | Reached XP level 7. HP: 40/59 MP: 7/7
  3541 | D:4      | Reached skill level 9 in Axes
  4096 | D:5      | Entered Level 5 of the Dungeon
  4131 | D:5      | Found Enajubb's Weapon Shop.
  4209 | D:5      | Reached skill level 10 in Axes
  4483 | D:5      | Reached XP level 8. HP: 66/66 MP: 8/8
  4544 | D:5      | Reached skill level 11 in Axes
  5254 | D:5      | Reached skill level 12 in Axes
  5333 | D:5      | Found a glowing golden altar of the Shining One.
  5342 | D:5      | Found an iron altar of Okawaru.
  5403 | D:6      | Became a worshipper of Beogh the Brigand
  5431 | D:6      | Noticed a kobold demonologist
  5431 | D:6      | Noticed a sun demon
  5433 | D:6      | Noticed a kobold demonologist
  5441 | D:6      | Noticed a hellwing
  5441 | D:6      | Slain by a sun demon

Illustrated notes

Levels and vault maps discovered:
D:1:      minmay_arrival_widening_spiral_narrow, layout_loops_ring,
          shapermc_ecumenical_altar_mp_ritualfount, minmay_rat_gold_closets
D:2:      layout_basic, grunt_decor_arrowhead, minmay_lizard_pond, uniq_jessica,
          uniq_robin
D:3:      layout_loops_ring, gammafunk_temple_overflow_pools,
          uniq_crazy_yiuf_cottage, uniq_ijyb
D:4:      layout_rooms, serial_bayou, serial_bayou_ford_a,
          serial_bayou_crossing, serial_bayou_pond_c, serial_bayou_pond_e,
          serial_bayou_shore_a, serial_bayou_lagoon_a, minmay_ogre_servants
D:5:      layout_gridville, mainiacjoe_overflow_swirl, serial_shops, shop,
          roderic_lattice_a
D:6:      layout_basic, zin_purify, trog_book, nicolae_ru_sacrificial_ziggurat,
          minmay_misc_feat_tower, lemuel_old_faithful

Skill      XL: |  1  2  3  4  5  6  7  8 |
---------------+-------------------------+-----
Axes           | 3 5 6 8 10 12 | 12.0
Fighting       | 4 |  4.0
Armour         | 4 |  4.0
Shields        | 4 |  4.0

Action                   |  1- 3 |  4- 6 |  7- 9 || total
-------------------------+-------+-------+-------++-------
Melee: War axe           |    93 |   160 |    88 ||   341
Throw: Boomerang         |       |       |     1 ||     1
Invok: Convert to Beogh  |       |       |     1 ||     1
  Use: Potion            |       |     1 |       ||     1
       Scroll            |       |       |     7 ||     7
Armor: Scale mail        |    35 |    67 |    29 ||   131
Dodge: Dodged            |    46 |    57 |    29 ||   132
Block: Buckler           |    25 |       |       ||    25
       Kite shield       |     1 |    68 |    32 ||   101
